 Dungeon Crawl Stone Soup version 0.27.0 (webtiles) character file.

Game seed: 18360440051250477899

16422 shoop the Thaumaturge (level 12, -1/81 HPs)
             Began as a Djinni Air Elementalist on July 30, 2021.
             Was a High Priest of Nemelex Xobeh.
             Slain by an eight-headed hydra (5 damage)
             ... on level 6 of the Lair of Beasts on July 31, 2021.
             The game lasted 00:46:13 (16748 turns).

shoop the Thaumaturge (Djinni Air Elementalist)    Turns: 16748, Time: 00:46:14

Health: -1/81      AC: 11    Str: 10    XL:     12   Next: 70%
Gold:   595        EV: 13    Int: 27    God:    Nemelex Xobeh [*****.] SH: 12 Dex: 15

rFire    + + .     SeeInvis .   U - +4 spear (antimagic)
rCold    x . .     Faith    .   n - +2 buckler
rNeg     . . .     Spirit   .   C - +0 leather armour
rPois    ∞         Reflect  +   h - +1 hat {Int+3}
rElec    .         Harm     .   Q - +2 cloak
rCorr    .         Rampage  .   (no gloves)
Will     +....                  (boots unavailable)
Stlth    ++........             G - amulet of reflection
HPRegen  0.23/turn              t - +4 ring of protection
MPRegen  0.00/turn              X - +6 ring of intelligence

@: swift, flying, quick
A: sickness immunity, fire resistance 2, cold vulnerability 1, float, innate
caster, hp casting, extra vitality 1
a: Renounce Religion, Draw Escape, Draw Destruction, Draw Summoning, Triple
Draw, Deal Four, Stack Five


You were on level 6 of the Lair of Beasts.
You worshipped Nemelex Xobeh.
Nemelex Xobeh was extremely pleased with you.
You visited 2 branches of the dungeon, and saw 17 of its levels.
You also visited: Volcano.

You collected 686 gold pieces.
You spent 91 gold pieces at shops.

Inventory:

Hand Weapons
 g - a +0 long sword
 o - a +0 quarterstaff
 N - a +1 great sword of venom
 O - a +1 vampiric hand axe
 U - a +4 antimagic spear (weapon)
 Y - a +4 scimitar of flaming
Missiles
 j - 19 javelins
 l - a curare-tipped dart
Armour
 h - a +1 hat of intelligence (worn)
 n - a +2 buckler (worn)
 C - a +0 leather armour (worn)
 Q - a +2 cloak (worn)
 V - the +0 leather armour of Spite {rPois rCorr Str+3 Int-4}
   (You found it on level 9 of the Dungeon)

   Str:       It affects your strength (+3).
   Int:       It affects your intelligence (-4).
   rPois:     It protects you from poison.
   rCorr:     It protects you from acid and corrosion.
 Z - a +2 plate armour of fire resistance
Jewellery
 a - a +6 ring of strength
 b - a ring of ice
 e - a +6 ring of dexterity
 t - a +4 ring of protection (left hand)
 G - an amulet of reflection (around neck)
 X - a +6 ring of intelligence (right hand)
Wands
 y - a wand of charming (5)
 B - a wand of polymorph (9)
 F - a wand of flame (23)
 H - a wand of iceblast (9)
 M - a wand of mindburst (29)
Scrolls
 f - 3 scrolls of vulnerability {unknown}
 i - 4 scrolls of amnesia {unknown}
 k - 3 scrolls of brand weapon {unknown}
 s - 3 scrolls of teleportation
 v - a scroll of enchant armour
 w - a scroll of magic mapping {unknown}
 z - a scroll of fog
 A - 3 scrolls of immolation {unknown}
 J - 2 scrolls of summoning {unknown}
 L - a scroll of blinking
 P - a scroll of fear {unknown}
 T - a scroll of acquirement {unknown}
 W - a scroll of torment
Potions
 c - 3 potions of cancellation {unknown}
 m - 3 potions of heal wounds {unknown}
 q - 6 potions of curing {unknown}
 r - a potion of berserk rage
 u - 4 potions of might
 x - 5 potions of lignification
 D - a potion of brilliance
 I - 4 potions of haste
 K - a potion of degeneration {unknown}
 R - a potion of attraction {unknown}


   Skills:
 + Level 5.5 Fighting
 - Level 1.0(3.2) Axes
 - Level 4.9(5.0) Polearms
 - Level 2.0 Armour
 - Level 5.0 Dodging
 - Level 2.0 Stealth
 - Level 4.0 Shields
 - Level 12.0 Spellcasting
 - Level 6.0 Invocations
 - Level 3.0 Evocations


You had 12 spell levels left.
You knew the following spells:

 Your Spells              Type           Power      Damage    Failure   Level
a - Shock                 Conj/Air       100%       1d9       1%          1
b - Swiftness             Air            69%        N/A       1%          3
c - Static Discharge      Conj/Air       69%        N/A       1%          2
d - Airstrike             Air            34%        N/A       1%          4
e - Corona                Hex            76%        N/A       1%          1
f - Corpse Rot            Necr/Air       N/A        N/A       1%          2
g - Lesser Beckoning      Tloc           34%        N/A       1%          3
h - Conjure Flame         Conj/Fire      69%        6-21      1%          3
i - Cause Fear            Hex            34%        N/A       1%          4
Your spell library was empty.

Dungeon Overview and Level Annotations

Branches:
Dungeon (11/15)            Temple (0/1) D:5            Lair (6/6) D:10
Volcano (visited)
  Swamp: Lair:2-4    Shoals: Lair:2-4     Snake: Lair:2-4    Spider: Lair:2-4
  Slime: Lair:5-6       Orc: D:9-12

Altars:
Ashenzari
Cheibriados
Nemelex Xobeh
Qazlal
Ru
Trog
Vehumet
Wu Jian
Yredelemnul

Shops:
D:4 !

Annotations:
D:4 Ijyb
D:5 exclusions: hound, orc and orc priest
D:7 exclusion: steam dragon, Joseph
D:9 3 runed translucent doors, Nausicaa's ghost, novice TrDe
D:10 3 runed translucent doors, Hypnoxylon's ghost, novice DrAE
Lair:2 exclusion: oklob plant
Lair:3 exclusion: hydra
Lair:5 exclusion: hydra


Innate Abilities, Weirdness & Mutations

You are immune to sickness and miasma.
You are immune to poison.
Your flesh is very heat resistant. (rF++)
You are vulnerable to cold. (rC-)
You float through the air rather than walking.
You learn spells naturally, not from books.
Your magical power is your life essence.
You have superior vitality. (+4 HP)


Message History

There is an entrance to an ice cave on this level.
Hurry and find it before the portal melts!
You hear the faint crackling of a melting archway nearby.
A hydra, 3 death yaks and 2 blink frogs come into view.
The death yak bellows! x3
The blink frog gives a loud, deep croak!
The eight-headed hydra roars!
You hear a bellow!
You hear a croak.
A water moccasin comes into view.
The blink frog blinks! x2
There is a stone staircase leading up here.
A komodo dragon comes into view.
The blink frog croaks.
A water moccasin comes into view.
The water moccasin hisses angrily. x2; You hear an angry hiss.
A komodo dragon comes into view.
Found a jewelled copper wand.
A six-headed hydra comes into view.
You block the water moccasin's attack.
A blink frog comes into view.
The water moccasin bites you.
* * * LOW HITPOINT WARNING * * *
The eight-headed hydra closely misses you.
The eight-headed hydra bites you.
* * * LOW HITPOINT WARNING * * *
You block the eight-headed hydra's attack. x2
The eight-headed hydra barely misses you.
The eight-headed hydra closely misses you.
The eight-headed hydra completely misses you.
The eight-headed hydra bites you.
* * * LOW HITPOINT WARNING * * *
Casting: Airstrike (safe; 1% risk of failure)
Confirm with . or Enter, or press ? or * to list all spells.
You feel quick.
The six-headed hydra roars!
The blink frog croaks.
* * * LOW HITPOINT WARNING * * *
You hear a bellow!
You block the water moccasin's attack.
You block the eight-headed hydra's attack.
The eight-headed hydra bites you.
You die...
Your body disappears without a glow.

................
................
.....FF.<.......
........YY......
......l.........
.........Y......
......FF........
...†..SSD.......
.......@.....#..
......?.........
.....l.........
...............
........###...#
D.......# ./#.
........# .#
........# #


You could see 3 death yaks, an eight-headed hydra, a six-headed hydra, 2 komodo
dragons, 4 blink frogs and 2 water moccasins.

Vanquished Creatures
  Gastronok (D:11)
  2 two-headed ogres (D:9)
  An alligator (Lair:5)
  A manticore (D:11)
  3 elephants (Lair:6)
  3 centaur zombies
  A black mamba (Lair:5)
  A molten gargoyle (Lair:2)
  6 cane toads
  2 komodo dragons
  2 efreet (Volcano)
  2 rime drakes (Lair:3)
  Grinder (D:6)
  2 polar bears (D:10)
  A hornet (D:9)
  A meliai zombie (D:10)
  A shadow (D:9)
  A wraith (D:10)
  3 wyverns
  7 yaks
  3 fire elementals (Volcano)
  3 wargs (D:10)
  An acid dragon (D:10)
  2 hell hounds (Lair:2)
  4 water moccasins
  2 necrophages
  A black bear (Lair:2)
  5 centaurs
  4 wolves
  2 kobold brigands
  A wyvern zombie (D:5)
  6 bullfrogs
  2 gnoll sergeants
  2 wyvern skeletons
  A water moccasin skeleton (D:6)
  4 wights (D:8)
  5 killer bees (D:4)
  A jelly (D:6)
  4 hounds
  4 orc priests
  A bullfrog skeleton (D:6)
  2 iguanas
  6 orc wizards
  2 killer bee zombies (D:8)
  2 howler monkey zombies
  10 gnolls
  6 adders
  A shadow imp (D:4)
  2 white imps (D:7)
  An adder skeleton (D:4)
  4 dart slugs
  18 orcs
  8 endoplasms
  4 giant cockroaches
  7 goblins
  4 hobgoblins
  5 jackals (D:3)
  2 quokkas
  9 ball pythons
  3 bats (D:1)
  9 frilled lizards
  10 kobolds
  5 rats
  A spectral goblin (D:2)
  4 fire vortices (Volcano)
225 creatures vanquished.

Vanquished Creatures (others)
  A fire vortex (Volcano)
  9 fungi
  11 plants
21 creatures vanquished.

Grand Total: 246 creatures vanquished

Notes
Turn   | Place    | Note
-------+----------+-------------------------------------------
     0 | D:1      | shoop the Djinni Air Elementalist began the quest for the
                  | Orb.
     0 | D:1      | Reached XP level 1. HP: 15/15 MP: 0/0
   167 | D:1      | Reached XP level 2. HP: 17/21 MP: 0/0
   423 | D:1      | Reached skill level 3 in Spellcasting
   989 | D:2      | Reached XP level 3. HP: 23/25 MP: 0/0
   989 | D:2      | Learned a level 1 spell: Corona
  1162 | D:2      | You are sucked into a shaft and drop 2 floors!
  1185 | D:4      | Found a sparkling altar of Nemelex Xobeh.
  1189 | D:4      | Noticed a kobold brigand
  1194 | D:4      | Became a worshipper of Nemelex Xobeh the Trickster
  1213 | D:4      | Killed a kobold brigand
  1214 | D:4      | Reached skill level 4 in Spellcasting
  1214 | D:4      | Reached XP level 4. HP: 17/31 MP: 0/0
  1359 | D:4      | Reached XP level 5. HP: 28/35 MP: 0/0
  1359 | D:4      | Learned a level 2 spell: Corpse Rot
  1954 | D:2      | Found a faded altar of an unknown god.
  2217 | D:2      | Reached XP level 6. HP: 39/40 MP: 0/0
  2396 | D:2      | Reached * piety under Nemelex Xobeh
  2881 | D:3      | Reached skill level 5 in Spellcasting
  3269 | D:3      | Received a gift from Nemelex Xobeh
  3590 | D:3      | Found a basalt altar of Yredelemnul.
  4081 | D:4      | Found a sacrificial altar of Ru.
  4111 | D:4      | Reached ** piety under Nemelex Xobeh
  4139 | D:4      | Found Ebregem's Distillery.
  4147 | D:4      | Bought a potion of lignification for 39 gold pieces
  4147 | D:4      | Bought a potion of might for 52 gold pieces
  4164 | D:4      | Identified the +5 hunting sling "Leviticus" {flame, rPois
                  | rF+ Int-5}
  4273 | D:4      | Noticed Ijyb
  4370 | D:4      | Reached XP level 7. HP: 41/46 MP: 0/0
  4370 | D:4      | Learned a level 3 spell: Lesser Beckoning
  4417 | D:4      | Reached skill level 1 in Fighting
  4417 | D:4      | Reached skill level 1 in Invocations
  4417 | D:4      | Reached skill level 1 in Evocations
  4743 | D:5      | Entered Level 5 of the Dungeon
  4851 | D:5      | Found a staircase to the Ecumenical Temple.
  5142 | D:5      | Reached skill level 6 in Spellcasting
  5142 | D:5      | Reached skill level 1 in Armour
  5142 | D:5      | Reached XP level 8. HP: 19/54 MP: 0/0
  5344 | D:5      | Received a gift from Nemelex Xobeh
  5562 | D:5      | Received a gift from Nemelex Xobeh
  5579 | D:5      | Reached *** piety under Nemelex Xobeh
  6230 | D:6      | Noticed Grinder
  6877 | D:6      | Received a gift from Nemelex Xobeh
  7151 | D:6      | Reached skill level 7 in Spellcasting
  7151 | D:6      | Reached XP level 9. HP: 56/58 MP: 0/0
  7151 | D:6      | Learned a level 3 spell: Conjure Flame
  7378 | D:6      | Killed Grinder
  7492 | D:7      | Reached skill level 8 in Spellcasting
  7946 | D:7      | Found a broken altar of Ashenzari.
  7950 | D:7      | Saw a vision of the Shoals and the Snake Pit.
  7950 | D:7      | Received a gift from Nemelex Xobeh
  7950 | D:7      | Noticed a merfolk
  7950 | D:7      | Noticed a merfolk
  7950 | D:7      | Noticed a black mamba
  7950 | D:7      | Noticed an anaconda
  7950 | D:7      | Noticed a naga ritualist
  7950 | D:7      | Noticed a guardian serpent
  7950 | D:7      | Noticed a naga warrior
  7950 | D:7      | Noticed a black mamba
  7950 | D:7      | Noticed a naga warrior
  7985 | D:7      | Reached **** piety under Nemelex Xobeh
  8076 | D:7      | Noticed Joseph
  8587 | D:8      | Found a stormy altar of Qazlal.
  8602 | D:8      | Reached skill level 1 in Shields
  8774 | D:8      | Reached skill level 1 in Axes
  8800 | D:8      | Reached XP level 10. HP: 28/67 MP: 0/0
  9495 | D:8      | Received a gift from Nemelex Xobeh
  9786 | D:9      | Noticed a two-headed ogre
  9791 | D:9      | Killed a two-headed ogre
  9792 | D:9      | Reached skill level 9 in Spellcasting
 10185 | D:9      | Noticed a two-headed ogre
 10191 | D:9      | Killed a two-headed ogre
 10344 | D:9      | Found an ornate altar of the Wu Jian Council.
 10433 | D:9      | Found a runed translucent gate.
 10433 | D:9      | Found a runed translucent gate.
 10536 | D:9      | Found a runed translucent gate.
 10536 | D:9      | Noticed Nausicaa's ghost (novice TrDe)
 10913 | D:9      | Reached skill level 10 in Spellcasting
 11145 | D:9      | Reached XP level 11. HP: 42/73 MP: 0/0
 11145 | D:9      | Learned a level 4 spell: Cause Fear
 11153 | D:9      | Identified the +0 leather armour of Spite {rPois rCorr
                  | Str+3 Int-4}
 11473 | D:10     | Entered Level 10 of the Dungeon
 11592 | D:10     | Reached skill level 1 in Polearms
 11829 | D:10     | Found a runed translucent gate.
 11829 | D:10     | Found a runed translucent gate.
 11832 | D:10     | Found a runed translucent gate.
 11836 | D:10     | Noticed Hypnoxylon's ghost (novice DrAE)
 11891 | D:10     | Received a gift from Nemelex Xobeh
 12014 | D:10     | Found a snail-covered altar of Cheibriados.
 12028 | D:10     | Found a bloodstained altar of Trog.
 12288 | D:10     | Found a staircase to the Lair.
 12545 | D:10     | Reached skill level 5 in Invocations
 12988 | D:11     | Noticed Gastronok
 12994 | D:11     | Killed Gastronok
 13200 | D:11     | Noticed a manticore
 13204 | D:11     | Killed a manticore
 13274 | D:11     | Noticed a death knight
 13275 | D:11     | Noticed a phantasmal warrior
 13343 | Lair:1   | Entered Level 1 of the Lair of Beasts
 13401 | Lair:2   | Reached ***** piety under Nemelex Xobeh
 13450 | Lair:2   | Received a gift from Nemelex Xobeh
 13499 | Lair:2   | Noticed an oklob plant
 13564 | Lair:2   | Reached skill level 5 in Dodging
 13607 | Lair:2   | Received a gift from Nemelex Xobeh
 13626 | Lair:2   | Found a dark tunnel.
 13722 | Volcano  | Entered a volcano
 14062 | Volcano  | Reached skill level 11 in Spellcasting
 14456 | Lair:2   | Reached XP level 12. HP: 9/78 MP: 0/0
 15277 | Lair:2   | Received a gift from Nemelex Xobeh
 15688 | Lair:3   | Noticed an eight-headed hydra
 16374 | Lair:5   | Received a gift from Nemelex Xobeh
 16376 | Lair:5   | Noticed a five-headed hydra
 16377 | Lair:5   | Noticed an alligator
 16377 | Lair:5   | a five-headed hydra changed into an alligator
 16386 | Lair:5   | Killed an alligator
 16459 | Lair:5   | Noticed a four-headed hydra
 16624 | Lair:6   | Entered Level 6 of the Lair of Beasts
 16633 | Lair:6   | Reached skill level 12 in Spellcasting
 16646 | Lair:5   | Received a gift from Nemelex Xobeh
 16660 | Lair:5   | Reached skill level 5 in Fighting
 16741 | Lair:6   | Noticed a death yak
 16741 | Lair:6   | Noticed a death yak
 16741 | Lair:6   | Noticed a death yak
 16741 | Lair:6   | Noticed an eight-headed hydra
 16746 | Lair:6   | Noticed a six-headed hydra
 16748 | Lair:6   | Slain by an eight-headed hydra

Illustrated notes

Levels and vault maps discovered:
D:1:      lightli_arrival_windingriver, layout_basic
D:2:      layout_loops_ring, dreamdust_ecumenical_altar_drowned_temple,
          minmay_small_reverse_x
D:3:      layout_basic, mainiacjoe_overflow_chevrons, kennysheep_generic_room_5
D:4:      layout_basic, mainiacjoe_overflow_24_doors,
          mainiacjoe_overflow_brackets, serial_shops, nicolae_stop_n_shop_2,
          glass_columns_c, uniq_ijyb
D:5:      layout_cave_pods, minmay_temple_entry_slanted,
          minmay_misc_feat_diagonals
D:6:      layout_rooms, minmay_misc_feat_five, chequers_serial_rivers_small_3,
          uniq_grinder
D:7:      layout_cave_pools, grunt_ashenzari_visionary
          [grunt_ashenzari_visionary_shoals, grunt_ashenzari_visionary_snake],
          uniq_joseph
D:8:      layout_basic, grunt_qazlal_clouds
D:9:      layout_irregular_city, nicolae_wu_jian_immortal_techniques,
          ebering_ghost_rock_garden
D:10:     layout_irregular_city, nicolae_overflow_crystal_walls,
          lemuel_round_altar, trog_ov_bears_minmay, erik_lair_orcish_takeover,
          gammafunk_ghost_spectres
D:11:     layout_roguey, uniq_gastronok
Lair:1:   layout_cave_pods, uniq_fannar
Lair:2:   layout_cave_shapes, enter_volcano_3, st_stairs_6
Lair:3:   layout_roguey, minmay_snake_entry_guardpost_medium,
          infiniplex_staircase_pool_2, grunt_megastairs_4
Lair:4:   layout_roguey, elwin_shoals_entry_rocks, beast_lair_carwin_11
Lair:5:   layout_cave_pods, slime_altar_1, beast_lair_carwin_4
Lair:6:   hellmonk_lair_end_abyssal_woods, layout_gridlike,
          portal_ice_cave_entry_animals_and_master, minmay_lair_oklob_chamber

Skill      XL: |  1  2  3  4  5  6  7  8  9 10 11 12 |
---------------+-------------------------------------+-----
Spellcasting   | 3 4 5 6 7 8 10 11 12 | 12.0
Fighting       | 2 4 5 |  5.5
Stealth        | 2 |  2.0
Invocations    | 3 4 6 |  6.0
Evocations     | 3 |  3.0
Armour         | 1 2 |  2.0
Shields        | 3 4 |  4.0
Axes           | 1 |  1.0
Polearms       | 4 |  4.9
Dodging        | 5 |  5.0

Action                   |  1- 3 |  4- 6 |  7- 9 | 10-12 || total
-------------------------+-------+-------+-------+-------++-------
Melee: Quarterstaff      |       |    27 |    57 |       ||    84
       Hand axe          |       |       |    21 |     9 ||    30
       Spear             |       |       |       |   147 ||   147
 Cast: Shock             |    53 |   119 |   158 |   122 ||   452
       Static Discharge  |       |     1 |    11 |    54 ||    66
       Airstrike         |       |     1 |     8 |    86 ||    95
       Conjure Flame     |       |       |       |     5 ||     5
       Swiftness         |       |       |       |     3 ||     3
       Cause Fear        |       |       |       |     3 ||     3
Invok: Draw Destruction  |       |       |    10 |    19 ||    29
       Draw Escape       |       |       |       |     1 ||     1
  Use: Scroll            |       |       |     1 |     8 ||     9
 Stab: Sleeping          |       |       |     2 |     2 ||     4
Armor: Robe              |     2 |    11 |    27 |       ||    40
       Leather armour    |       |       |    24 |    47 ||    71
Dodge: Dodged            |     2 |    38 |    96 |    78 ||   214
Block: Buckler           |       |       |    15 |    94 ||   109
       Reflection        |       |       |     4 |     3 ||     7
       Other             |       |       |     3 |       ||     3
